 Dungeon Crawl Stone Soup version 0.22.0-25-g7663229 (webtiles) character file.

42 HaroldButt the Chucker (level 3, 0/32 HPs)
             Began as an Ogre Hunter on Aug 20, 2018.
             Slain by a hobgoblin
             ... wielding a +0 club
              (4 damage)
             ... on level 2 of the Dungeon.
             The game lasted 00:04:52 (1985 turns).

HaroldButt the Chucker (Ogre Hunter)                Turns: 1985, Time: 00:04:53

Health: 0/32       AC:  3    Str: 17    XL:     3   Next: 56%
Magic:  3/3        EV: 10    Int: 12    God:
Gold:   58         SH:  0    Dex:  9    Spells: 2/2 levels left

rFire    . . .     SeeInvis .   p - +0 mace
rCold    . . .     Gourm    .   (no shield)
rNeg     . . .     Faith    .   b - +0 robe
rPois    .         Spirit   .   (helmet restricted)
rElec    .         Reflect  .   (no cloak)
rCorr    .         Harm     .   (gloves unavailable)
MR       .....                  (boots unavailable)
Stlth    +.........             (no amulet)
HPRegen  0.50/turn              (no ring)
MPRegen  0.08/turn              r - ring of flight

@: no status effects
A: large, unfitting armour, horns 1, frail 1, high mp 1, regeneration 1, tough
skin 1
a: Evoke Flight


You were on level 2 of the Dungeon.
You were hungry.

You visited 1 branch of the dungeon, and saw 3 of its levels.

You collected 58 gold pieces.


Innate Abilities, Weirdness & Mutations

You are too large for most types of armour.
You have tough skin. (AC +1)
You have a pair of small horns on your head.
You are frail. (-10% HP)
You have an increased reservoir of magic. (+10% MP)
Your natural rate of healing is unusually fast.


   Skills:
 - Level 2.6 Fighting
 + Level 1.4 Maces & Flails
 + Level 4.8 Throwing
 - Level 1.7 Dodging
 - Level 0.6 Stealth


You had 2 spell levels left.
You didn't know any spells.
Your spell library was empty.

Inventory:

Hand Weapons
 e - a +0 whip
 p - a +0 mace (weapon)
Missiles
 c - 5 large rocks (quivered) {=f}
 d - 2 throwing nets {=f}
Armour
 b - a +0 robe (worn)
Jewellery
 i - an uncursed ring of fire
 r - a ring of flight (right hand)
Scrolls
 k - 2 scrolls of remove curse
 l - a scroll of amnesia {unknown}
 o - a scroll of enchant weapon {unknown}
 q - a scroll of noise {unknown}
Potions
 h - a potion of brilliance
 j - a potion of flight {unknown}
 m - a potion of cancellation {unknown}
 n - a potion of resistance
Comestibles
 f - 6 rations
 s - a chunk of flesh

Dungeon Overview and Level Annotations

Branches:
Dungeon (3/15)

Altars:
Kikubaaqudgha
Nemelex Xobeh
Uskayaw
Xom
Zin
The Shining One

▒.....▒▒.▒▒▒▒▒▒▒▒▒▒▒
▒_....._▒.▒
▒▒.....▒▒.▒
▒8...8▒▒.▒
▒▒.....▒▒.▒
▒8.....8▒.▒
▒?....▒▒.▒
▒8gog8▒▒.▒ ▒▒O▒▒ ▒.▒
▒▒▒▒▒▒▒.▒ ▒▒......▒
▒▒▒▒▒▒▒▒


You could see an orc, a hobgoblin and a goblin.


Message History

You hit the orc.
The orc is almost dead.
The orc closely misses you. The goblin hits you with a club.
The orc hits you with a flail.
You barely miss the orc. Your headbutt misses the orc.
The orc is almost dead.
The hobgoblin hits you with a club.
A leopard gecko comes into view.
The goblin hits you with a club.
* * * LOW HITPOINT WARNING * * *
The orc closely misses you.
The hobgoblin hits you but does no damage.
The goblin hits you with a club.
* * * LOW HITPOINT WARNING * * *
The orc closely misses you. The hobgoblin hits you with a club.
* * * LOW HITPOINT WARNING * * *
You climb upwards.
Found a scroll labeled HANIOBYSIRO.
There is a stone staircase leading down here.
You closely miss the orc. Your headbutt misses the orc.
The orc is almost dead.
The goblin completely misses you. The orc hits you with a flail.
* * * LOW HITPOINT WARNING * * *
The hobgoblin hits you with a club.
You die...

Action                   || total
-------------------------++-------
Melee: Short sword       ||    18
       Whip              ||    97
       Mace              ||    36
       Headbutt          ||     1
  Use: Scroll            ||     4
       Potion            ||     3
  Eat: Chunk             ||     3
Armor: Robe              ||    72
Dodge: Dodged            ||   137

Vault maps used:
D:1:      dpeg_arrival_rhombus
D:2:      lemuel_crystal_altar, nicolae_overflow_hidden_temple
D:3:      kennysheep_six_static_rooms, grunt_temple_overflow_order_and_chaos_1,
          first_ration, chequers_big_river, uniq_grinder

Notes
Turn   | Place    | Note
-------+----------+-------------------------------------------
     0 | D:1      | HaroldButt the Ogre Hunter began the quest for the Orb.
     0 | D:1      | Reached XP level 1. HP: 22/22 MP: 1/1
   343 | D:1      | Reached XP level 2. HP: 29/29 MP: 2/2
  1155 | D:2      | Reached skill level 1 in Maces & Flails
  1155 | D:2      | Reached XP level 3. HP: 32/36 MP: 3/3
  1174 | D:2      | Found a hide-covered altar of Uskayaw.
  1712 | D:2      | Found a glowing golden altar of the Shining One.
  1713 | D:2      | Found a sparkling altar of Nemelex Xobeh.
  1714 | D:2      | Found an ancient bone altar of Kikubaaqudgha.
  1792 | D:3      | Found a shimmering altar of Xom.
  1792 | D:3      | Found a glowing silver altar of Zin.
  1792 | D:3      | Noticed an angel
  1956 | D:3      | Identified a potion of resistance
  1960 | D:3      | Gained mutation: You are agile. (Dex +2) [potion of mutation]
  1960 | D:3      | Gained mutation: You have sharp toenails. [potion of mutation]
  1961 | D:3      | Lost mutation: You have sharp toenails. [potion of mutation]
  1961 | D:3      | Lost mutation: You are agile. (Dex +2) [potion of mutation]
  1961 | D:3      | Gained mutation: Your muscles are strong. (Str +2) [potion of mutation]
  1961 | D:3      | Gained mutation: You have an increased reservoir of magic. (+10% MP) [potion of mutation]
  1961 | D:3      | Gained mutation: You have a pair of small horns on your head. [potion of mutation]
  1962 | D:3      | Lost mutation: Your muscles are strong. (Str +2) [potion of mutation]
  1962 | D:3      | Lost mutation: You have a pair of small horns on your head. [potion of mutation]
  1962 | D:3      | Gained mutation: You have a pair of small horns on your head. [potion of mutation]
  1962 | D:3      | Gained mutation: You are frail. (-10% HP) [potion of mutation]
  1962 | D:3      | Gained mutation: Your natural rate of healing is unusually fast. [potion of mutation]
  1985 | D:2      | Slain by a hobgoblin

Vanquished Creatures
  2 dart slugs
  An orc (D:3)
  A ball python (D:1)
  5 bats
  2 giant cockroaches (D:1)
  6 goblins
  3 hobgoblins
  3 jackals (D:2)
  5 kobolds
  A quokka (D:3)
  3 rats
32 creatures vanquished.
